 Dungeon Crawl Stone Soup version 0.29-a0-23-ga79f92ac9c (console) character file.

Game seed: 6784938644604261307

68378 Melian the Executioner (level 14, -3/152 HPs)
             Began as a Minotaur Berserker on Jan 30, 2022.
             Was a High Priest of Trog.
             Succumbed to Rupert's poison
             ... on level 2 of the Orcish Mines.
             The game lasted 01:10:42 (23884 turns).

Melian the Executioner (Minotaur Berserker)        Turns: 23884, Time: 01:10:43

Health: -3/152     AC: 24    Str: 41    XL:     14   Next: 86%
Magic:  13/13      EV:  9    Int:  4    God:    Trog [*****.]
Gold:   921        SH:  0    Dex: 11    Spells: 13/13 levels left

rFire   + . .      SeeInvis +   x - +6 exec axe {vorpal, Str+6}
rCold   . . .      Faith    .   (shield currently unavailable)
rNeg    + . .      Spirit   .   G - +3 plate armour {rF+}
rPois   .          Reflect  .   (helmet restricted)
rElec   .          Harm     .   i - +2 cloak {rCorr}
rCorr   +          Rampage  .   v - +2 pair of gloves {hurl}
Will    +....      NoTele   +   t - +2 pair of boots
Stlth   ..........              L - amulet "Xenion" {RegenMP -Tele rN+ Str+3 SInv}
HPRegen 0.35/turn               O - +4 ring of slaying
MPRegen 0.53/turn               H - +6 ring of strength

@: lethally poisoned (-3 -> -80)
A: horns 2, retaliatory headbutt
a: Renounce Religion, Berserk, Trog's Hand, Brothers in Arms


You were on level 2 of the Orcish Mines.
You worshipped Trog.
Trog was extremely pleased with you.
You visited 3 branches of the dungeon, and saw 21 of its levels.
You visited 1 bazaar.
You also visited: Gauntlet.

You collected 2478 gold pieces.
You spent 1557 gold pieces at shops.

Inventory:

Hand Weapons
 w - the +7 hunting sling "Kips" {venom, rC+ Str+4 Int+2}
   (You found it on level 7 of the Dungeon)

   Any ammunition fired from it poisons the flesh of those it strikes.
   Str:       It affects your strength (+4).
   Int:       It affects your intelligence (+2).
   rC:        It protects you from cold.
 x - the +6 executioner's axe "Bofio" (weapon) {vorpal, Str+6}
   (Trog gifted it to you on level 2 of the Lair of Beasts)

   It inflicts extra damage upon your enemies.
   Str:       It affects your strength (+6).
Missiles
 u - 4 throwing nets (quivered)
Armour
 i - a +2 cloak of preservation (worn)
 t - a +2 pair of boots (worn)
 v - a +2 pair of gloves of hurling (worn)
 G - a +3 plate armour of fire resistance (worn)
 P - a scarf of repulsion
Jewellery
 d - a ring of positive energy
 j - a ring of willpower
 p - a ring of magical power
 B - the amulet of Xoqeguif {Spirit rPois Will+ Int-5}
   (You found it on level 6 of the Lair of Beasts)

   [amulet of guardian spirit]

   It causes incoming damage to be divided between your reserves of health and
   magic.
   Int:       It affects your intelligence (-5).
   rPois:     It protects you from poison.
   Will:      It increases your willpower.
 H - a +6 ring of strength (right hand)
 L - the amulet "Xenion" (around neck) {RegenMP -Tele rN+ Str+3 SInv}
   (You found it on level 4 of the Lair of Beasts)

   [amulet of magic regeneration]

   It increases your rate of magic regeneration.
   Str:       It affects your strength (+3).
   rN:        It protects you from negative energy.
   SInv:      It lets you see invisible.
   -Tele:     It prevents most forms of teleportation.
 O - a +4 ring of slaying (left hand)
 S - a ring of magical power
Wands
 k - a wand of acid (18)
 l - a wand of paralysis (5)
 m - a wand of digging (4)
 s - a wand of polymorph (25)
 y - a wand of iceblast (5)
 C - a wand of flame (12)
Scrolls
 b - 3 scrolls of blinking
 n - 2 scrolls of enchant weapon
 D - a scroll of holy word
 F - 4 scrolls of teleportation
 Q - 2 scrolls of identify
 T - a scroll of magic mapping
Potions
 a - 6 potions of brilliance
 c - 5 potions of degeneration
 e - 3 potions of lignification
 f - 3 potions of flight
 g - 2 potions of might
 h - 6 potions of attraction
 o - a potion of invisibility
 q - 5 potions of curing
 z - 3 potions of ambrosia
 A - 2 potions of mutation
 E - a potion of magic
 I - 2 potions of berserk rage
 J - 5 potions of heal wounds
 K - a potion of haste
 M - a potion of cancellation {unknown}
Miscellaneous
 r - a piece from Xom's chessboard (15/15)
 N - a phial of floods


   Skills:
 + Level 21.8 Fighting
 + Level 21.8 Axes
 - Level 4.1 Armour
 - Level 2.4 Dodging


You had 13 spell levels left.
You didn't know any spells.
Your spell library was empty.

Dungeon Overview and Level Annotations

Branches:
Dungeon (13/15)            Temple (0/1) D:6            Lair (6/6) D:9
 Shoals (0/4) Lair:2        Snake (0/4) Lair:4        Slime (0/5) Lair:5
    Orc (2/2) D:11        Gauntlet (visited)
    Elf: Orc:2       Vaults: D:13-14

Altars:
Elyvilon
Makhleb
Nemelex Xobeh
Okawaru
Qazlal
Ru
Sif Muna
Trog
Uskayaw
Vehumet
Xom
Zin
Beogh

Shops:
D:2 *[[=   D:7 *   Orc:1 *(

Annotations:
Orc:2 Rupert


Innate Abilities, Weirdness & Mutations

You have a pair of horns on your head.
You reflexively headbutt those who attack you in melee.


Message History

An orc wizard comes into view. It is wielding a +0 dagger.
Rupert hits you with a +1 great mace of venom!
You are poisoned.
You hear a howl!
You feel very sick.
Rupert hits you with a +1 great mace of venom!
You are more poisoned.
A warg comes into view.
You chop Rupert into pieces!!!
Rupert is moderately wounded.
You feel very sick. Rupert hits you but does no damage.
You are more poisoned.
Rupert misses you.
You closely miss Rupert.
Rupert is moderately wounded.
You feel extremely sick.
Rupert hits you with a +1 great mace of venom!!
You are lethally poisoned!
You feel extremely sick.
Rupert hits you with a +1 great mace of venom.
You feel better.
Rupert hits you with a +1 great mace of venom!!!
* * * LOW HITPOINT WARNING * * *
You are lethally poisoned!
Rupert hits you with a +1 great mace of venom!
* * * LOW HITPOINT WARNING * * *
You are more poisoned.
The warg bites you but does no damage.
You feel much better.
* * * LOW HITPOINT WARNING * * *
You feel extremely sick.
Rupert hits you with a +1 great mace of venom!
* * * LOW HITPOINT WARNING * * *
You are more poisoned.
The warg bites you.
* * * LOW HITPOINT WARNING * * *
As you read the scroll of fear, it crumbles to dust.
You assume a fearsome visage.
Rupert is unaffected.
The warg looks frightened!
The orc wizard looks frightened!
You die...

#............
#...........
#.........###
#...........
#........# #
#........#.#
###..........#
#.#..........# #
#......h@....#
#..#......#@o....#
..........#........
.......<####.......
.......## .......
##..... .......
###... ....... #...
..$.... ##.# ##


You could see Rupert (berserk), a warg (fleeing) and an orc wizard (fleeing).

Vanquished Creatures
  An orc warlord (Orc:1)
  A minotaur (Gauntlet)
  A blizzard demon (Gauntlet)
  A fire dragon (Lair:6)
  Fannar (D:11)
  12 hydras
  A boulder beetle (Lair:2)
  2 catoblepae
  3 two-headed ogres
  An alligator (Lair:4)
  9 death yaks
  An orc high priest (Orc:1)
  Urug (D:12)
  A wretched star (Gauntlet)
  A deep troll (Orc:1)
  2 lindwurms
  2 orc sorcerers (Orc:1)
  A wizard (Gauntlet)
  A manticore (D:12)
  8 black mambas
  Maurice (D:8)
  2 molten gargoyles (Lair:6)
  Maggie (D:6)
  8 cane toads
  An unseen horror (D:11)
  4 rime drakes
  18 komodo dragons
  7 polar bears
  3 trolls
  A hornet (D:7)
  23 blink frogs
  Grinder (D:3)
  Prince Ribbit (Lair:2)
  3 slime creatures (D:12)
  A small abomination (Gauntlet)
  7 dream sheep
  A meliai zombie (D:11)
  63 yaks
  9 wyverns
  The ghost of Melian the Chopper, an amateur MiBe of Trog (D:3)
  2 vampire mosquitoes (D:11)
  5 basilisks
  Eustachio (D:6)
  A neqoxec (Gauntlet)
  Grum (Lair:1)
  2 steam dragons
  A warg (Orc:1)
  4 acid dragons
  10 water moccasins
  2 hell hounds (Lair:6)
  2 black bears
  2 hornet zombies (D:7)
  2 sky beasts
  18 orc warriors
  An ice beast (D:7)
  2 necrophages
  6 ogres
  13 wolves
  3 centaurs
  A kobold brigand (D:7)
  12 bullfrogs
  A gnoll sergeant (D:10)
  6 scorpions
  A wyvern skeleton (D:6)
  14 killer bees
  5 wights (D:9)
  3 crimson imps (D:9)
  3 howler monkeys (D:9)
  A centaur zombie (D:9)
  2 bullfrog zombies
  A jelly (D:5)
  5 lava snakes (Lair:6)
  2 hounds (D:4)
  Crazy Yiuf (D:3)
  2 bullfrog skeletons
  9 orc priests
  2 gnoll shamans
  A scorpion zombie (D:5)
  Ijyb (D:3)
  6 iguanas
  9 orc wizards
  2 hell rats (Lair:6)
  2 killer bee zombies
  Robin (D:4)
  17 gnolls
  3 adders
  10 river rats (Lair:6)
  3 shadow imps
  2 white imps
  2 ufetubi (D:5)
  A worm (D:2)
  A dart slug (D:3)
  55 orcs
  8 bats
  2 endoplasms
  3 giant cockroaches
  17 goblins
  5 hobgoblins
  5 jackals
  5 quokkas
  5 ball pythons
  6 frilled lizards
  12 kobolds
  6 rats
  3 bushes (Lair:6)
549 creatures vanquished.

Vanquished Creatures (collateral kills)
  An orc knight (D:11)
  A molten gargoyle (Lair:6)
  A hell hound (Lair:6)
  An orc warrior (D:11)
  An orc priest (Orc:1)
  5 orcs
10 creatures vanquished.

Vanquished Creatures (others)
  2 yaks (D:11)
  Jessica (D:3)
  A bush (Lair:5)
  44 fungi
  78 plants
126 creatures vanquished.

Grand Total: 685 creatures vanquished

Notes
Turn   | Place    | Note
-------+----------+-------------------------------------------
     0 | D:1      | Melian the Minotaur Berserker began the quest for the Orb.
     0 | D:1      | Reached XP level 1. HP: 19/19 MP: 0/0
   423 | D:1      | Reached XP level 2. HP: 27/27 MP: 1/1
   500 | D:1      | Found a faded altar of an unknown god.
  1160 | D:2      | Found Wautid's Antique Armour Emporium.
  1402 | D:2      | Reached XP level 3. HP: 33/33 MP: 2/2
  1663 | D:2      | Found Memnej's Antique Armour Shoppe.
  1677 | D:2      | Found Gytyvo Sege's Jewellery Shop.
  1911 | D:2      | Noticed an ogre
  1918 | D:2      | Killed an ogre
  1919 | D:2      | Reached skill level 5 in Fighting
  1919 | D:2      | Reached skill level 5 in Axes
  1919 | D:2      | Reached XP level 4. HP: 42/42 MP: 3/3
  2096 | D:2      | Found Inloashu's Assorted Antiques.
  2118 | D:2      | Reached ** piety under Trog
  2582 | D:3      | You fall into a shaft and drop 2 floors!
  2582 | D:5      | Entered Level 5 of the Dungeon
  2604 | D:4      | Reached XP level 5. HP: 48/48 MP: 4/4
  2728 | D:3      | Reached XP level 6. HP: 57/57 MP: 5/5
  2792 | D:3      | Noticed Jessica
  2795 | D:3      | Noticed Ijyb
  2798 | D:3      | Killed Jessica
  2805 | D:3      | Killed Ijyb
  3030 | D:3      | Noticed Melian's ghost (amateur MiBe)
  3039 | D:3      | Found a transporter.
  3048 | D:3      | Found a transporter.
  3071 | D:3      | Killed Melian's ghost
  3210 | D:3      | Found a runed translucent door.
  3211 | D:3      | Noticed Crazy Yiuf
  3248 | D:3      | Noticed Grinder
  3263 | D:3      | Killed Grinder
  3264 | D:3      | Reached XP level 7. HP: 65/67 MP: 6/6
  3720 | D:3      | Killed Crazy Yiuf
  3945 | D:4      | Noticed Robin
  3954 | D:4      | Killed Robin
  4144 | D:2      | Bought a pair of runed boots for 165 gold pieces
  4279 | D:5      | Reached XP level 8. HP: 74/75 MP: 7/7
  4390 | D:5      | Found a burning altar of Makhleb.
  4392 | D:5      | Noticed a balrug
  4394 | D:5      | Found a glowing silver altar of Zin.
  4395 | D:5      | Noticed an angel
  4505 | D:5      | Found a bloodstained altar of Trog.
  4974 | D:6      | Reached skill level 10 in Fighting
  4974 | D:6      | Reached skill level 10 in Axes
  5029 | D:6      | Found a staircase to the Ecumenical Temple.
  5155 | D:6      | Noticed Eustachio
  5165 | D:6      | Killed Eustachio
  5165 | D:6      | Reached *** piety under Trog
  5236 | D:6      | Reached XP level 9. HP: 80/86 MP: 8/8
  5379 | D:6      | Noticed Maggie
  5391 | D:6      | Killed Maggie
  5677 | D:7      | Paralysed by a hornet for 1 turns
  6140 | D:7      | Found Leneink's Lightly-Used Armoury.
  6315 | D:7      | Identified the +7 hunting sling "Kips" {venom, rC+ Str+4
                  | Int+2}
  6447 | D:8      | Reached XP level 10. HP: 98/99 MP: 9/9
  6590 | D:8      | Noticed Maurice
  6601 | D:8      | Killed Maurice
  7039 | D:8      | Noticed a two-headed ogre
  7047 | D:8      | Killed a two-headed ogre
  7595 | D:2      | Bought a runed cloak for 180 gold pieces
  7804 | D:4      | Found a radiant altar of Vehumet.
  7928 | D:4      | Found a shimmering blue altar of Sif Muna.
  8101 | D:9      | Found a staircase to the Lair.
  8206 | D:9      | Found a sacrificial altar of Ru.
  8349 | D:9      | Found an iron altar of Okawaru.
  8621 | D:9      | Noticed a two-headed ogre
  8631 | D:9      | Killed a two-headed ogre
  8943 | D:9      | Reached **** piety under Trog
  9057 | D:9      | Found a shimmering altar of Xom.
  9226 | D:10     | Entered Level 10 of the Dungeon
  9387 | D:10     | Noticed a two-headed ogre
  9392 | D:10     | Killed a two-headed ogre
  9393 | D:10     | Reached XP level 11. HP: 102/111 MP: 10/10
  9475 | D:10     | Identified a scroll of acquirement
  9475 | D:10     | Acquired 847 gold pieces
  9932 | D:10     | Found a white marble altar of Elyvilon.
  9933 | D:10     | Found a stormy altar of Qazlal.
  9934 | D:10     | Found a sparkling altar of Nemelex Xobeh.
  9934 | D:10     | Found a hide-covered altar of Uskayaw.
 10172 | D:2      | Bought quicksilver dragon scales for 1140 gold pieces
 11309 | D:11     | Reached skill level 15 in Fighting
 11309 | D:11     | Reached skill level 15 in Axes
 11561 | D:11     | Found a flickering gateway to a bazaar.
 11573 | Bazaar   | Entered a bazaar
 11573 | Bazaar   | Found Micooh's Antique Armour Shop.
 11614 | Bazaar   | Found Fathos's Antique Weapon Shop.
 11634 | Bazaar   | Found Atrunn's Distillery.
 11642 | Bazaar   | Bought a potion of heal wounds for 45 gold pieces
 11642 | Bazaar   | Bought a potion of lignification for 27 gold pieces
 11741 | D:11     | Noticed Fannar
 11750 | D:11     | Killed Fannar
 11893 | D:11     | Found a staircase to the Orcish Mines.
 11896 | D:11     | Noticed an orc knight
 11924 | D:11     | Killed an orc knight
 12398 | Lair:1   | Entered Level 1 of the Lair of Beasts
 12399 | Lair:1   | Noticed Grum
 12415 | Lair:1   | Killed Grum
 12431 | Lair:1   | Reached ***** piety under Trog
 12848 | Lair:1   | Identified the +2 robe of Foutediu {Regen+ Str+9 Int-2
                  | Stlth+}
 13272 | Lair:1   | Reached XP level 12. HP: 60/124 MP: 11/11
 13671 | Lair:2   | Noticed a four-headed hydra
 13680 | Lair:2   | Killed a six-headed hydra
 13825 | Lair:2   | Identified the +6 executioner's axe "Bofio" {vorpal, Str+6}
                  | (Trog gifted it to you on level 2 of the Lair of Beasts)
 13825 | Lair:2   | Received a gift from Trog
 14242 | Lair:2   | Found a staircase to the Shoals.
 14248 | Lair:2   | Noticed Prince Ribbit
 14264 | Lair:2   | Killed Prince Ribbit
 14432 | Lair:2   | Noticed a boulder beetle
 14438 | Lair:2   | Killed a boulder beetle
 14695 | Lair:3   | Noticed a five-headed hydra
 14703 | Lair:3   | Killed a six-headed hydra
 15171 | Lair:3   | Noticed a death yak
 15171 | Lair:3   | Noticed a death yak
 15171 | Lair:3   | Noticed a death yak
 15171 | Lair:3   | Noticed a death yak
 15172 | Lair:3   | Noticed a death yak
 15177 | Lair:3   | Killed a death yak
 15181 | Lair:3   | Killed a death yak
 15185 | Lair:3   | Killed a death yak
 15188 | Lair:3   | Killed a death yak
 15196 | Lair:3   | Killed a death yak
 15203 | Lair:3   | Reached XP level 13. HP: 44/136 MP: 12/12
 16307 | Lair:4   | Found a staircase to the Snake Pit.
 16819 | Lair:4   | Identified the amulet "Xenion" {RegenMP -Tele rN+ Str+3
                  | SInv}
 18602 | Lair:5   | Found a staircase to the Slime Pits.
 19207 | Lair:6   | Entered Level 6 of the Lair of Beasts
 19251 | Lair:5   | Reached XP level 14. HP: 74/148 MP: 13/13
 20536 | Lair:6   | Found a large runed translucent door.
 20536 | Lair:6   | Found a large runed translucent door.
 20568 | Lair:6   | Identified the amulet of Xoqeguif {Spirit rPois Will+
                  | Int-5}
 21579 | D:12     | Received a gift from Trog
 21628 | D:12     | Found a gate leading to a gauntlet.
 21634 | Gauntlet | Entered a Gauntlet
 21634 | Gauntlet | Found a transporter.
 21634 | Gauntlet | Found a transporter.
 21645 | Gauntlet | Found a transporter.
 21648 | Gauntlet | Found a transporter.
 21649 | Gauntlet | Found a transporter.
 21650 | Gauntlet | Found a large runed translucent door.
 21651 | Gauntlet | Found a large runed translucent door.
 21652 | Gauntlet | Found a large runed translucent door.
 21652 | Gauntlet | Found a large runed translucent door.
 21652 | Gauntlet | Found a runed translucent door.
 21653 | Gauntlet | Found a large runed translucent door.
 21653 | Gauntlet | Found a runed translucent door.
 21654 | Gauntlet | Found a large runed translucent door.
 21654 | Gauntlet | Found a large runed translucent door.
 21654 | Gauntlet | Found a large runed translucent door.
 21654 | Gauntlet | Found a large runed translucent door.
 21654 | Gauntlet | Found a large runed translucent door.
 21655 | Gauntlet | Found a large runed translucent door.
 21655 | Gauntlet | Found a large runed translucent door.
 21656 | Gauntlet | Found a runed translucent gate.
 21656 | Gauntlet | Found a runed translucent gate.
 21656 | Gauntlet | Found a runed translucent gate.
 21658 | Gauntlet | Found a transporter.
 21662 | Gauntlet | Found a transporter.
 21672 | Gauntlet | Found a transporter.
 21704 | Gauntlet | Found a large runed translucent door.
 21704 | Gauntlet | Found a large runed translucent door.
 21707 | Gauntlet | Found a large runed translucent door.
 21707 | Gauntlet | Found a large runed translucent door.
 21761 | Gauntlet | Found a transporter.
 21775 | Gauntlet | Found a transporter.
 21779 | Gauntlet | Found a transporter.
 21791 | Gauntlet | Found a transporter.
 22156 | D:12     | Noticed Urug
 22168 | D:12     | Killed Urug
 23019 | Orc:1    | Entered Level 1 of the Orcish Mines
 23176 | Orc:1    | Found Inuason's General Store.
 23330 | Orc:1    | Noticed an orc warlord
 23344 | Orc:1    | Killed an orc warlord
 23718 | Orc:1    | Found Dinokose's Antique Weapon Boutique.
 23867 | Orc:2    | Entered Level 2 of the Orcish Mines
 23871 | Orc:2    | Noticed Rupert
 23884 | Orc:2    | Succumbed to Rupert's poison

Illustrated notes

Levels and vault maps discovered:
D:1:      moated_graveyard_arrival, layout_loops_corners,
          shapermc_ecumenical_altar_gd
D:2:      kennysheep_six_static_rooms, layout_loops_corners, serial_shops,
          nicolae_shop_statue_plus, shop, nicolae_shop_hallway_plus,
          nicolae_shop_statue_plus, dk_noncrumbling_4, hangedman_decor_opposing,
          kennysheep_another_room
D:3:      layout_basic, gammafunk_ghost_arena, uniq_grinder, uniq_ijyb,
          uniq_crazy_yiuf_cottage, uniq_jessica
D:4:      layout_gridville, lemuel_tele_altar, lemuel_blue_sif_altar, uniq_robin
D:5:      layout_rooms, grunt_temple_overflow_order_and_chaos_2,
          trog_three_pillars_becter
D:6:      layout_gridville, minmay_temple_entry_drinking_statues,
          uniq_eustachio, uniq_maggie
D:7:      layout_cave_pools, minmay_shop_damaged
D:8:      layout_basic, uniq_maurice
D:9:      layout_cave_pods, led_xom_imps, mainiacjoe_overflow_two_lobes,
          dpeg_oklobed_lair
D:10:     layout_stronghold, grunt_temple_overflow_open
D:11:     layout_cave_pods, david_orc_5, serial_shops, bzr_firewalk, uniq_fannar
D:12:     layout_roguey, gauntlet_entry_generic, lemuel_flamethrower_1,
          uniq_urug
D:13:     layout_roguey, david_vaults_4
Lair:1:   layout_gridlike, grunt_megastairs_5, uniq_grum
Lair:2:   layout_big_grid, minmay_shoals_entry_centaurs, uniq_prince_ribbit2
Lair:3:   layout_roguey, grunt_megastairs_2
Lair:4:   nzn_winding_woodlands_cross [nzn_winding_woodlands_5x15_default,
          nzn_winding_woodlands_5x15_cabin,
          nzn_winding_woodlands_5x15_lazy_stream,
          nzn_winding_woodlands_5x15_twine,
          nzn_winding_woodlands_15x15_five_gardens], layout_cave_pods,
          dummy_snake_entry, serial_rivers, chequers_serial_rivers_micro_e,
          chequers_serial_rivers_micro_a, chequers_serial_rivers_large_a,
          chequers_serial_rivers_marsh, chequers_serial_rivers_small_b
Lair:5:   layout_loops_ring, slime_dummy, chequers_serial_rivers_small_a
Lair:6:   cheibrodos_lair_end_hotspot, layout_small_grid, kennysheep_rathole
Orc:1:    layout_caves, basic_altar, serial_shops, shop, guppyfry_orc_lava_fort
Orc:2:    st_orc_ogre_mass, layout_diamond_mine, serial_shops,
          nicolae_square_shop, uniq_rupert

Skill      XL: |  1  2  3  4  5  6  7  8  9 10 11 12 13 14 |
---------------+-------------------------------------------+-----
Fighting       | 4 5 6 7 8 10 12 14 16 18 20 21 | 21.8
Axes           | 4 5 6 7 8 10 12 14 16 18 20 21 | 21.8
Armour         | 3 4 |  4.1
Dodging        | |  2.4

Action                   |  1- 3 |  4- 6 |  7- 9 | 10-12 | 13-15 || total
-------------------------+-------+-------+-------+-------+-------++-------
Melee: Hand axe          |    83 |    98 |   203 |    83 |       ||   467
       Headbutt          |    11 |    14 |    34 |    67 |    62 ||   188
       Punch             |       |     3 |     1 |     1 |       ||     5
       Battleaxe         |       |       |       |   217 |       ||   217
       Executioner's axe |       |       |       |    90 |   380 ||   470
Invok: Berserk           |     1 |     5 |     8 |     4 |     8 ||    26
       Trog's Hand       |       |     1 |     1 |     2 |       ||     4
       Brothers in Arms  |       |       |       |       |     3 ||     3
Evoke: Wand              |       |     1 |       |    13 |    13 ||    27
  Use: Scroll            |       |       |     8 |    16 |     8 ||    32
       Potion            |       |       |       |       |     8 ||     8
Armor: Animal skin       |     7 |       |       |       |       ||     7
       Leather armour    |    24 |    14 |       |       |       ||    38
       Ring mail         |       |    15 |       |       |       ||    15
       Scale mail        |       |    11 |     3 |       |       ||    14
       Chain mail        |       |       |    46 |       |       ||    46
       Plate armour      |       |       |    21 |    84 |   301 ||   406
       Quicksilver drago |       |       |       |   131 |       ||   131
Dodge: Dodged            |    46 |    37 |    55 |   219 |   202 ||   559

Table legend: (Time is in decaauts)
 A = Elapsed time spent in this place.
 B = Non-inter-level travel time spent in this place.
 C = Inter-level travel time spent in this place.
 D = Time resting spent in this place.
 E = Time spent auto-exploring this place.
 F = Levels seen in this place.
 G = Mean time per level.
                   A        B        C        D        E       F      G
               +--------+--------+--------+--------+--------+-----+--------+
         Total |  24058 |  22247 |   1811 |      0 |  17379 |  23 | 1046.0 |
       Dungeon |  13503 |  12087 |   1416 |      0 |   9393 |  13 | 1038.7 |
          Lair |   9126 |   8748 |    378 |      0 |   7061 |   6 | 1521.0 |
  Orcish Mines |    864 |    848 |     16 |      0 |    624 |   2 |  432.0 |
        Bazaar |     83 |     83 |      0 |      0 |     66 |   1 |   83.0 |
      Gauntlet |    479 |    479 |      0 |      0 |    234 |   1 |  479.0 |
               +--------+--------+--------+--------+--------+-----+--------+

Top non-repeatable levels by time:
  Lair:4: 2250 daAuts
  Lair:6: 1784 daAuts
  Lair:5: 1616 daAuts
     D:2: 1584 daAuts
    D:10: 1416 daAuts
     D:9: 1409 daAuts
    D:11: 1409 daAuts
     D:3: 1270 daAuts
  Lair:1: 1233 daAuts
  Lair:3: 1186 daAuts
     D:1: 1155 daAuts
  Lair:2: 1055 daAuts
     D:8: 956 daAuts
     D:4: 921 daAuts
     D:6: 917 daAuts
